 Dungeon Crawl Stone Soup version 0.25.1-2-g60ff931 (webtiles) character file.

Game seed: 17319445383367573875

1656 ChiefBigBeans the Spear-Bearer (level 9, -5/68 HPs)
             Began as a Merfolk Gladiator on Sept 10, 2020.
             Was an Initiate of Gozag.
             Killed from afar by a battlesphere (10 damage)
             ... created by a tengu conjurer
             ... on level 6 of the Dungeon.
             The game lasted 00:38:11 (5455 turns).

ChiefBigBeans the Spear-Bearer (Merfolk Gladiator)  Turns: 5455, Time: 00:38:13

Health: -5/68      AC: 16    Str: 15    XL:     9   Next: 0%
Magic:  9/9        EV: 16    Int: 10    God:    Gozag
Gold:   175        SH:  0    Dex: 17    Spells: 8/8 levels left

rFire    x . .     SeeInvis .   i - +7 dagger of Upheaval {flame, Int+2}
rCold    + + .     Gourm    .   (no shield)
rNeg     . . .     Faith    .   s - +0 ice dragon scales
rPois    .         Spirit   .   c - +1 helmet
rElec    .         Reflect  .   (no cloak)
rCorr    .         Harm     .   (no gloves)
MR       .....                  (no boots)
Stlth    +.........             g - amulet of regeneration
HPRegen  0.61/turn              q - +4 ring of evasion
MPRegen  0.11/turn              r - +4 ring of protection

@: gold aura
A: change form in water, swift swim, stealthy swim
a: Potion Petition, Call Merchant, Bribe Branch, Renounce Religion


You were on level 6 of the Dungeon.
You worshipped Gozag.
Gozag was aware of your devotion.
You were not hungry.

You visited 1 branch of the dungeon, and saw 6 of its levels.
You also visited: Sewer.

You collected 359 gold pieces.
You spent 88 gold pieces at shops.
You paid 96 gold pieces to Gozag.

Inventory:

Hand Weapons
 a - a +0 trident
 i - the +7 dagger of Upheaval (weapon) {flame, Int+2}
   (You found it on level 4 of the Dungeon)

   It has been specially enchanted to burn those struck by it, causing extra
   injury to most foes and up to half again as much damage against particularly
   susceptible opponents.
   It affects your intelligence (+2).
Missiles
 d - 3 throwing nets (quivered)
Armour
 c - a +1 helmet (worn)
 h - a +2 helmet
 s - +0 ice dragon scales (worn)
Jewellery
 g - an amulet of regeneration (around neck)
 q - a +4 ring of evasion (left hand)
 r - a +4 ring of protection (right hand)
 u - a +6 ring of strength
Scrolls
 b - a scroll of remove curse
 e - a scroll of blinking
 m - 3 scrolls of teleportation
Potions
 j - a potion of berserk rage
 l - 2 potions of cancellation
 A - 5 potions of flight
Comestibles
 f - 6 rations


   Skills:
 + Level 5.1 Fighting
 + Level 4.9 Short Blades
 + Level 9.2 Polearms
 + Level 2.0 Throwing
 + Level 4.0 Armour
 + Level 6.7 Dodging
 + Level 2.2 Stealth


You had 8 spell levels left.
You didn't know any spells.
Your spell library was empty.

Dungeon Overview and Level Annotations

Branches:
Dungeon (6/15)              Sewer (visited)
 Temple: D:4-7

Altars:
Cheibriados
Gozag
Uskayaw
Wu Jian
Yredelemnul

Shops:
D:5 *


Message History

The tengu conjurer is moderately wounded.
The tengu conjurer hits you.
* * * LOW HITPOINT WARNING * * *
The tengu conjurer pecks you but does no damage.
The tengu conjurer completely misses you.
You miss the tengu conjurer.
The tengu conjurer is moderately wounded.
You barely miss the tengu conjurer.
The tengu conjurer is moderately wounded.
The tengu conjurer completely misses you.
The tengu conjurer closely misses you.
The tengu conjurer claws you but does no damage.
You hit the tengu conjurer. You burn the tengu conjurer.
The tengu conjurer is heavily wounded.
The tengu conjurer gestures at you while chanting.
The bolt of magma hits you. The lava burns you terribly!
* * * LOW HITPOINT WARNING * * *
The battlesphere fires!
The barrage of energy hits you!
You die...
Your body crumbles into a pile of gold.

*,,,#..###.............#.,,,
***,#..##.........##..##,,,,
#,##........#...#,...,,,,,
#.#.###..........,,...,,,, *#..*
#.#.........*,,*,,,,
###.**#.#....#...*,,**,,,*
#....##....#*....,,,,**,**
*,###...#........,,,,,,,**
***,**#..>.@Q..#...,,,,,,,,,
*,,..######.##.##..,,,,,,,,*
*,*#....###$#*.#*#.,,,,,,,,*
*,*,**#.>.).#*##**,,,,,,,,,, *
*,*#.....###.......,,,,,,,,,
******,*.###.,* *#.###.#,,,,,,,,,
,,,,,,,**,..,,****.#**,,,,,,,,,,,
,,,,,,,*,##*,,,,,,,#*,,,,,,,,,,,,
,,,,,,,**,,,,,,,,,,,,,,,,,,$,,,,,


You could see a tengu conjurer and a battlesphere.

Vanquished Creatures
  Prince Ribbit (D:6)
  A hippogriff (D:6)
  A sky beast (D:5)
  4 ogres
  A phantom (D:3)
  A bullfrog (D:6)
  A water moccasin skeleton (D:6)
  2 howler monkeys
  3 orc wizards
  A centaur skeleton (D:6)
  Ijyb (D:5)
  2 merfolk sirens (Sewer)
  An iguana (D:6)
  3 worker ants
  A killer bee zombie (D:6)
  A hound zombie (D:6)
  Robin (D:3)
  8 adders
  2 shadow imps (D:5)
  An ooze (D:1)
  3 worms
  5 dart slugs
  4 leopard geckos
  11 orcs
  4 ball pythons
  12 bats
  8 giant cockroaches
  21 goblins
  13 hobgoblins
  6 jackals
  3 quokkas
  10 frilled lizards
  5 kobolds
  28 rats
  A spectral orc (D:2)
171 creatures vanquished.

Notes
Turn   | Place    | Note
-------+----------+-------------------------------------------
     0 | D:1      | ChiefBigBeans the Merfolk Gladiator began the quest for the
                  | Orb.
     0 | D:1      | Reached XP level 1. HP: 16/16 MP: 1/1
    53 | D:1      | Reached XP level 2. HP: 10/22 MP: 2/2
   174 | D:1      | Reached skill level 5 in Polearms
   395 | D:1      | Reached XP level 3. HP: 25/28 MP: 3/3
   845 | D:2      | Found a hide-covered altar of Uskayaw.
   867 | D:2      | Reached skill level 6 in Polearms
   920 | D:2      | Became a worshipper of Uskayaw the Reveler
  1138 | D:2      | Reached * piety under Uskayaw
  1140 | D:2      | Reached XP level 4. HP: 34/34 MP: 4/4
  1272 | D:2      | Found a basalt altar of Yredelemnul.
  1414 | D:2      | Reached ** piety under Uskayaw
  1511 | D:2      | Reached *** piety under Uskayaw
  1662 | D:2      | Paralysed by fainting for 7 turns
  1711 | D:2      | Paralysed by fainting for 12 turns
  1728 | D:2      | Paralysed by fainting for 12 turns
  1768 | D:2      | Paralysed by fainting for 9 turns
  2375 | D:3      | Reached XP level 5. HP: 40/40 MP: 5/5
  2593 | D:3      | Reached skill level 1 in Armour
  2680 | D:3      | Paralysed by fainting for 10 turns
  2701 | D:3      | Paralysed by fainting for 8 turns
  2790 | D:3      | Reached skill level 5 in Dodging
  3054 | D:3      | Noticed Robin
  3079 | D:3      | Reached skill level 7 in Polearms
  3105 | D:3      | Killed Robin
  3246 | D:3      | Noticed a phantom
  3293 | D:3      | Killed a phantom
  3293 | D:3      | Reached XP level 6. HP: 41/48 MP: 6/6
  3449 | D:4      | Got an encrusted dagger
  3481 | D:4      | Reached skill level 8 in Polearms
  3496 | D:4      | Reached XP level 7. HP: 28/54 MP: 7/7
  3593 | D:4      | Identified the +7 dagger of Upheaval {flame, Int+2} (You
                  | found it on level 4 of the Dungeon)
  3767 | D:4      | Found a glowing drain.
  3779 | Sewer    | Entered a sewer
  3833 | Sewer    | Reached skill level 1 in Stealth
  3900 | Sewer    | Reached skill level 9 in Polearms
  3910 | Sewer    | Reached **** piety under Uskayaw
  4426 | D:5      | Entered Level 5 of the Dungeon
  4433 | D:5      | Got a slimy short sword
  4435 | D:5      | Identified the +2 short sword of Cobwebs {freeze, +Rage rN+
                  | MR+} (You found it on level 5 of the Dungeon)
  4453 | D:5      | Found Suczil's General Store.
  4468 | D:5      | Bought a scroll of remove curse for 33 gold pieces
  4468 | D:5      | Bought a ration for 55 gold pieces
  4499 | D:5      | Found a snail-covered altar of Cheibriados.
  4607 | D:5      | Noticed Ijyb
  4615 | D:5      | Killed Ijyb
  4615 | D:5      | Reached skill level 1 in Short Blades
  4673 | D:5      | Found an ornate altar of the Wu Jian Council.
  4726 | D:5      | Reached XP level 8. HP: 38/61 MP: 8/8
  4953 | D:5      | Found an opulent altar of Gozag.
  4965 | D:5      | Fell from the grace of Uskayaw
  4965 | D:5      | Became a worshipper of Gozag Ym Sagoz the Greedy
  5315 | D:6      | Noticed Prince Ribbit
  5320 | D:6      | Noticed a tengu conjurer
  5370 | D:6      | Noticed a hippogriff
  5385 | D:6      | Killed a hippogriff
  5392 | D:6      | Reached skill level 5 in Fighting
  5439 | D:6      | Killed Prince Ribbit
  5447 | D:6      | Reached XP level 9. HP: 33/68 MP: 9/9
  5455 | D:6      | Killed from afar by a battlesphere

Illustrated notes

Levels and vault maps discovered:
D:1:      heliophobic_arrival_enchanted_forest, layout_basic,
          ebering_dispersal_statue_hall
D:2:      minmay_recursive_quarters, layout_basic,
          eat_drink_and_be_merry_uskayaw, yredelemnul_forgotten_temple_becter,
          serial_glass, glass_columns_b, glass_columns_b
D:3:      kennysheep_goblin_castle, layout_rooms, first_ration,
          minmay_goblin_kobold_house
D:4:      layout_rooms, cheibrodos_sewer_entry_sluice, minmay_misc_feat_tower
D:5:      layout_basic, overflow_temple_1_default, old_standard_altar,
          grunt_gozag_statues, serial_shops, shop, uniq_ijyb
D:6:      layout_layer_cave, basic_altar, hangedman_abyss_or_decor_lesser_grid,
          minmay_manual_maat, uniq_prince_ribbit1

Skill      XL: |  1  2  3  4  5  6  7  8 |
---------------+-------------------------+-----
Polearms       | 5 6 7 8 9 |  9.2
Armour         | 1 2 4 |  4.0
Fighting       | 3 4 5 |  5.1
Dodging        | 5 6 |  6.7
Stealth        | 1 2 |  2.2
Short Blades   | 1 4 |  4.9
Throwing       | |  2.0

Action                   |  1- 3 |  4- 6 |  7- 9 || total
-------------------------+-------+-------+-------++-------
Melee: Trident           |   132 |   333 |    26 ||   491
       Dagger            |       |       |   157 ||   157
Invok: Stomp             |       |     1 |       ||     1
       Potion Petition   |       |       |     1 ||     1
  Use: Scroll            |     5 |     5 |    11 ||    21
       Potion            |     1 |     7 |     3 ||    11
 Stab: Sleeping          |     1 |       |       ||     1
       Paralysed         |       |     1 |     2 ||     3
  Eat: Ration            |       |     5 |     1 ||     6
Armor: Leather armour    |    75 |    50 |     1 ||   126
       Plate armour      |       |   322 |       ||   322
       Scale mail        |       |     9 |    66 ||    75
       Ice dragon scales |       |       |    59 ||    59
Dodge: Dodged            |   184 |   251 |   280 ||   715
Block: Other             |       |     7 |    14 ||    21
